 Dungeon Crawl Stone Soup version 0.20.1-1-g8b1a95d (webtiles) character file.

53 Inchmeat the Poker (level 3, -4/24 HPs)
             Began as a Merfolk Skald on Dec 12, 2017.
             Killed from afar by an orc wizard (8 damage)
             ... with a puff of flame
             ... on level 2 of the Dungeon.
             The game lasted 00:02:17 (1397 turns).

Inchmeat the Poker (Merfolk Skald)                  Turns: 1397, Time: 00:02:18

Health: -4/24      AC:  3    Str: 11    XL:     3   Next: 87%
Magic:  5/5        EV: 14    Int: 13    God:
Gold:   123        SH:  0    Dex: 15    Spells: 5/6 levels left

rFire    . . .     SeeInvis .   a - +0 spear
rCold    . . .     Gourm    .   (no shield)
rNeg     . . .     Faith    .   b - +0 leather armour
rPois    .         Spirit   .   (no helmet)
rElec    .         Reflect  .   (no cloak)
rCorr    .         Harm     .   (no gloves)
MR       .....                  (no boots)
Stlth    +.........             (no amulet)
Regen    0.1/turn               (no ring)
MPRegen  0.1/turn               (no ring)

@: no status effects
A: change form in water, swift swim, stealthy swim, repulsion field 1, agile 1,
frail 1, low mp 1
a: no special abilities


You were on level 2 of the Dungeon.
You were hungry.

You visited 1 branch of the dungeon, and saw 3 of its levels.

You collected 123 gold pieces.

Inventory:

Hand Weapons
 a - a +0 spear (weapon)
Armour
 b - a +0 leather armour (worn)
Scrolls
 g - 3 scrolls of remove curse {unknown}
 h - 2 scrolls of identify {unknown}
Potions
 e - a potion of lignification {unknown}
Books
 c - a book of Battle

   Spells                             Type                      Level
   a - Infusion                       Charms                       1
   b - Shroud of Golubria             Charms/Translocation         2
   c - Song of Slaying                Charms                       2
   d - Spectral Weapon                Hexes/Charms                 3
   e - Regeneration                   Charms/Necromancy            3
Comestibles
 d - 2 bread rations
 f - 10 fruits


   Skills:
 - Level 2.1 Fighting
 * Level 4.7 Polearms
 - Level 0.6 Armour
 - Level 2.6 Dodging
 - Level 2.0 Spellcasting
 * Level 4.2 Charms


You had 5 spell levels left.
You knew the following spells:

 Your Spells              Type           Power        Failure   Level  Hunger
a - Infusion              Chrm           ##..         6%          1    ##.....


Dungeon Overview and Level Annotations

Branches:
Dungeon (3/15)

Altars:

Annotations:
D:2 Robin


Innate Abilities, Weirdness & Mutations

You revert to your normal form in water.
You are very nimble and swift while swimming.
You are very stealthy in the water. (Stealth+)
You are surrounded by a mild repulsion field. (EV +2)
You are agile. (Dex +2)
You are frail. (-10% HP)
Your magical capacity is low. (-10% MP)


Message History

Somethin' hits ye but does nay damage.
Thar be a stone staircase leadin' up 'ere.
Somethin' hits ye.
Somethin' hits ye but does nay damage.
Ye climb upwards.
Level annotation: Robin Thar be a stone staircase leadin' down 'ere.
Somethin' hits ye.
Ye hear some strange, mumbled words.
A puff o' frost appears from outta thin air!
Tha puff o' frost misses ye.
Ye hit somethin' but do nay damage.
Somethin' hits ye.
Ye closely miss somethin'.
Somethin' hits ye.
Ye hit somethin'.
Somethin' hits ye. x2
* * * LOW HITPOINT WARNIN'
* * * Ye closely miss somethin'.
Somethin' hits ye but does nay damage.
Ye hit somethin'.
Ye hear some strange, mumbled words.
A puff o' flame appears from outta thin air!
Tha puff o' flame hits ye!
Ye die...

# #####..# #......#
#># #.# #@# . #.#
..#######
#.................#
##...##....##gg...#
...##. ...##...Sg#
#.## . ..##...).#
... ## ##...g.<#
##. ...###### .


There were no monsters in sight!

Vanquished Creatures
  A worm (D:2)
  A dart slug (D:1)
  A leopard gecko (D:1)
  4 orcs (D:3)
  5 bats
  3 giant cockroaches
  7 goblins
  8 hobgoblins
  2 kobolds (D:1)
  2 frilled lizards (D:3)
  3 rats
37 creatures vanquished.

Notes
Turn   | Place    | Note
-------+----------+-------------------------------------------
     0 | D:1      | Inchmeat the Merfolk Skald began the quest for the Orb.
     0 | D:1      | Reached XP level 1. HP: 16/16 MP: 3/3
   350 | D:1      | Reached XP level 2. HP: 21/22 MP: 5/5
   703 | D:1      | Reached XP level 3. HP: 27/27 MP: 6/6
   758 | D:2      | Noticed Robin
   848 | D:1      | Gained mutation: You are surrounded by a mild repulsion field. (EV +2) [potion of mutation]
   848 | D:1      | Gained mutation: Your magical capacity is low. (-10% MP) [potion of mutation]
   848 | D:1      | Gained mutation: You are frail. (-10% HP) [potion of mutation]
   848 | D:1      | Gained mutation: You are agile. (Dex +2) [potion of mutation]
  1397 | D:2      | Killed from afar by an orc wizard

Skill      XL: |  1  2 |
---------------+-------+-----
Polearms       | 4 |  4.7
Charms         | 4 |  4.2
Fighting       | |  2.1
Armour         | |  0.6
Dodging        | |  2.6
Spellcasting   | |  2.0

Action                   || total
-------------------------++-------
Melee: Spear             ||   141
 Cast: Infusion          ||     6
  Use: Potion            ||     3
  Eat: Chunk             ||     1
Armor: Leather armour    ||    42
Dodge: Dodged            ||    84
